 Dungeon Sprint DCSS version 0.30-a0-728-gc68057be0a (webtiles) character file.

Game seed: 6646472609204688919

10433 nabru the Brawler (level 11, -5/123 HPs)
             Began as a Troll Berserker on Jan 31, 2023.
             Was the Champion of Trog.
             Killed by divine providence
             ... invoked by an orc priest
              (13 damage)
             ... in the Dungeon (Sprint IX: "|||||||||||||||||||||||||||||").
             The game lasted 00:06:31 (880 turns).

nabru the Brawler (Troll Berserker)                  Turns: 880, Time: 00:06:32

Health: -5/123     AC: 24    Str: 34    XL:     11   Next: 36%
Magic:  3/3        EV: 11    Int:  3    God:    Trog [******]
Gold:   682        SH:  0    Dex: 12    Spells: 10/10 levels left

rFire   . . .      SeeInvis .    w - +6 triple sword (antimagic)
rCold   . . .      Faith    .    (shield currently unavailable)
rNeg    . . .      Spirit   .    o - +9 shadow dragon scales of Optimism {Rampage Regen+ Stlth++++}
rPois   .          Reflect  .    (helmet restricted)
rElec   .          Harm     .    (no cloak)
rCorr   .          Rampage  +    (gloves unavailable)
Will    .....      NoTele   +    (boots unavailable)
Stlth   +++                      (no amulet)
HPRegen 2.00/turn                j - +3 ring of strength
MPRegen 0.08/turn                k - +3 ring of dexterity

@: spiked, on berserk cooldown
A: large, unfitting armour, claws 3, regeneration 1, shaggy fur 1, tough skin 1
a: Renounce Religion, Berserk, Trog's Hand, Brothers in Arms


You were in the Dungeon.
You worshipped Trog.
Trog was exalted by your worship.
You visited 1 branch You collected 682 gold pieces.

Inventory:

Hand Weapons
 l - a +4 antimagic dire flail
 r - a +3 antimagic triple sword
 s - a +3 heavy morningstar
 u - a +2 dagger of distortion
 v - a +3 heavy giant club
 w - a +6 antimagic triple sword (weapon)
 x - a +5 halberd
Armour
 a - a +0 animal skin
 o - the +9 shadow dragon scales of Optimism (worn) {Rampage Regen+ Stlth++++}
   (You found it in the Dungeon)

   Regen:     It increases your rate of health regeneration.
   Rampage:   It bestows one free step when moving towards enemies.
   Stlth:     It makes you much more stealthy.
Jewellery
 j - a +3 ring of strength (left claw)
 k - a +3 ring of dexterity (right claw)
Wands
 i - a wand of iceblast (8)
 t - a wand of digging (3)
Scrolls
 g - 3 scrolls of blinking
 n - a scroll of fog
 p - 4 scrolls of fear
 q - a scroll of identify
Potions
 b - a potion of invisibility
 c - 8 potions of heal wounds
 d - a potion of haste
 e - 4 potions of magic
 f - a potion of berserk rage
 h - 5 potions of curing
 m - 2 potions of flight


   Skills:
 + Level 12.0 Fighting
 + Level 6.5 Long Blades
 + Level 8.3 Maces & Flails
 + Level 4.7 Armour
 + Level 11.2 Dodging
 + Level 2.3 Stealth
 + Level 16.7 Unarmed Combat
 + Level 0.3 Evocations


You had 10 spell levels left.
You didn't know any spells.
Your spell library was empty.

Dungeon Overview and Level Annotations

Branches:
Dungeon (1/1)

Altars:
Cheibriados
Dithmenos
Elyvilon
Fedhas
Gozag
Hepliaklqana
Kikubaaqudgha
Makhleb
Nemelex Xobeh
Okawaru
Qazlal
Ru
Sif Muna
Trog
Uskayaw
Vehumet
Wu Jian
Xom
Yredelemnul
Zin
The Shining One
Jiyva
Lugonu


Innate Abilities, Weirdness & Mutations

You are too large for most types of armour.
You have claws for hands.
Your natural rate of healing is unusually fast.
You are covered in fur. (AC +1)
You have tough skin. (AC +1)


Message History

The ice devil hits you but does no damage.
The red devil hits you from afar with a +0 demon trident of flaming!
Barbed spikes become lodged in your body.
The red devil burns you.
An orc warrior comes into view. It is wielding a +0 dire flail.
The ice devil hits you but does no damage.
The red devil hits you but does no damage.
The orc warrior shouts!
You hit the ice devil but do no damage.
The ice devil is moderately wounded.
You feel yourself speed up. The ice devil closely misses you.
The red devil hits you but does no damage.
The orc priest looks encouraged for a moment.
The ice devil hits you but does no damage.
The red devil hits you but does no damage.
The orc high priest mumbles some strange prayers to Beogh.
You hit the ice devil.
The ice devil is moderately wounded.
The ice devil barely misses you.
The red devil hits you but does no damage.
The ice devil hits you but does no damage.
The red devil hits you from afar with a +0 demon trident of flaming!!
Barbed spikes become lodged in your body.
The red devil burns you!
You hit the ice devil but do no damage.
The ice devil is moderately wounded.
The ice devil hits you. The ice devil freezes you!!
* * * LOW HITPOINT WARNING * * *
The red devil hits you from afar with a +0 demon trident of flaming!
* * * LOW HITPOINT WARNING * * *
Barbed spikes become lodged in your body.
The red devil burns you.
* * * LOW HITPOINT WARNING * * *
You slash the ice devil!
The ice devil is heavily wounded.
The orc high priest utters an invocation to Beogh.
The orc priest calls down the wrath of Beogh upon you.
Beogh smites you!
You die...

..'________________________'.?).[
▓▓▓▓▓▓▓▓▓▓▓▓▓▓▓▓▓▓▓▓▓▓▓▓▓▓▓▓▓▓▓▓▓
.................................
▓▓▓▓▓▓▓▓▓▓▓▓▓▓▓▓▓▓▓▓▓▓▓▓▓▓▓▓▓▓▓▓▓
.......†.........÷.†...†..†'.....
▓▓▓▓▓▓▓▓▓▓▓▓▓▓▓▓▓▓▓▓▓▓▓▓▓▓▓▓▓▓▓▓▓
.................................
▓▓▓▓▓▓▓▓▓▓▓▓▓▓▓▓▓▓▓▓▓▓▓▓▓▓▓▓▓▓▓▓▓
)............'))@44ooooo
▓▓▓▓▓▓▓▓▓▓▓▓▓▓▓▓▓▓▓▓▓▓▓▓


You could see an orc high priest, an ice devil (summoned), a red devil
(summoned), 3 orc warriors and an orc priest.

Vanquished Creatures
  2 catoblepae (D)
  A death yak (D)
  2 centaur warriors (D)
  Sonja (D)
  An ugly thing (D)
  An orc knight (D)
  A manticore (D)
  A black mamba (D)
  3 cane toads (D)
  2 gargoyles (D)
  An unseen horror (D)
  A rime drake (D)
  2 komodo dragons (D)
  A shadow (D)
  9 yaks (D)
  A basilisk (D)
  2 water moccasins (D)
  A black bear (D)
  6 orc warriors (D)
  2 wolves (D)
  A kobold brigand (D)
  2 bullfrogs (D)
  A scorpion (D)
  2 howler monkeys (D)
  A hound (D)
  2 orc priests (D)
  4 orc wizards (D)
  An iguana (D)
  A hell rat (D)
  A gnoll (D)
  An adder (D)
  7 orcs (D)
  A bat (D)
  2 kobolds (D)
  A frilled lizard (D)
69 creatures vanquished.

Notes
Turn   | Place    | Note
-------+----------+-------------------------------------------
     0 | D        | nabru the Troll Berserker began the quest for the Orb.
     0 | D        | Reached XP level 1. HP: 22/22 MP: 0/0
    10 | D        | Reached ** piety under Trog
    18 | D        | Reached skill level 4 in Unarmed Combat
    18 | D        | Reached XP level 2. HP: 31/31 MP: 1/1
    58 | D        | Noticed a howler monkey
    58 | D        | Noticed a scorpion
    61 | D        | Killed a howler monkey
    62 | D        | Reached skill level 5 in Unarmed Combat
    62 | D        | Reached XP level 3. HP: 39/39 MP: 2/2
    72 | D        | Reached *** piety under Trog
    73 | D        | Reached XP level 4. HP: 49/49 MP: 3/3
    75 | D        | Reached skill level 6 in Unarmed Combat
    82 | D        | Killed a scorpion
    83 | D        | Reached skill level 5 in Fighting
    83 | D        | Reached skill level 5 in Dodging
    83 | D        | Reached skill level 7 in Unarmed Combat
    83 | D        | Reached XP level 5. HP: 33/57 MP: 4/4
    99 | D        | Found a snail-covered altar of Cheibriados.
    99 | D        | Found a shadowy altar of Dithmenos.
    99 | D        | Found a white marble altar of Elyvilon.
    99 | D        | Found a blossoming altar of Fedhas.
    99 | D        | Found an opulent altar of Gozag.
   100 | D        | Found a hazy altar of Hepliaklqana.
   101 | D        | Found a viscous altar of Jiyva.
   102 | D        | Found an ancient bone altar of Kikubaaqudgha.
   103 | D        | Found a corrupted altar of Lugonu.
   104 | D        | Found a burning altar of Makhleb.
   105 | D        | Found a sparkling altar of Nemelex Xobeh.
   106 | D        | Found an iron altar of Okawaru.
   107 | D        | Found a stormy altar of Qazlal.
   108 | D        | Found a sacrificial altar of Ru.
   109 | D        | Found a shimmering blue altar of Sif Muna.
   110 | D        | Found a bloodstained altar of Trog.
   112 | D        | Found a hide-covered altar of Uskayaw.
   113 | D        | Found a radiant altar of Vehumet.
   127 | D        | Found an ornate altar of the Wu Jian Council.
   128 | D        | Found a shimmering altar of Xom.
   129 | D        | Found a basalt altar of Yredelemnul.
   130 | D        | Found a glowing silver altar of Zin.
   131 | D        | Found a glowing golden altar of the Shining One.
   157 | D        | Noticed a shadow
   157 | D        | Noticed a gargoyle
   157 | D        | Noticed a yak
   157 | D        | Noticed a gargoyle
   162 | D        | Killed a shadow
   163 | D        | Reached skill level 9 in Unarmed Combat
   163 | D        | Reached XP level 6. HP: 68/68 MP: 5/5
   166 | D        | Killed a gargoyle
   166 | D        | Reached **** piety under Trog
   167 | D        | Reached skill level 10 in Unarmed Combat
   167 | D        | Reached XP level 7. HP: 78/78 MP: 6/6
   171 | D        | Killed a yak
   172 | D        | Reached skill level 11 in Unarmed Combat
   176 | D        | Killed a gargoyle
   177 | D        | Reached skill level 12 in Unarmed Combat
   177 | D        | Reached XP level 8. HP: 74/89 MP: 7/7
   178 | D        | Reached ***** piety under Trog
   202 | D        | Noticed a centaur warrior
   202 | D        | Noticed a centaur warrior
   202 | D        | Noticed a komodo dragon
   202 | D        | Noticed a manticore
   202 | D        | Noticed a brown ugly thing
   206 | D        | Killed a centaur warrior
   207 | D        | Reached skill level 13 in Unarmed Combat
   211 | D        | Killed a centaur warrior
   212 | D        | Reached skill level 14 in Unarmed Combat
   212 | D        | Reached XP level 9. HP: 101/101 MP: 8/8
   214 | D        | Killed a komodo dragon
   215 | D        | Reached skill level 10 in Fighting
   216 | D        | Killed an unseen horror
   217 | D        | Reached skill level 10 in Dodging
   221 | D        | Killed a manticore
   222 | D        | Reached skill level 15 in Unarmed Combat
   225 | D        | Killed a brown ugly thing
   225 | D        | Received a gift from Trog
   366 | D        | Got the +9 shadow dragon scales of Optimism {Rampage Regen+
                  | Stlth++++}
   387 | D        | Noticed a cane toad
   387 | D        | Noticed a rime drake
   390 | D        | Killed a cane toad
   396 | D        | Reached skill level 16 in Unarmed Combat
   396 | D        | Reached XP level 10. HP: 111/111 MP: 3/9
   403 | D        | Reached skill level 1 in Maces & Flails
   436 | D        | Noticed a black mamba
   440 | D        | Noticed a catoblepas
   444 | D        | Killed a black mamba
   445 | D        | Reached skill level 1 in Armour
   445 | D        | Reached ****** piety under Trog
   450 | D        | Noticed a cane toad
   450 | D        | Noticed a cane toad
   482 | D        | Killed a catoblepas
   483 | D        | Reached skill level 5 in Maces & Flails
   508 | D        | Killed a cane toad
   508 | D        | Received a gift from Trog
   509 | D        | Reached skill level 1 in Stealth
   513 | D        | Killed a cane toad
   565 | D        | Noticed a death yak
   577 | D        | Killed a death yak
   583 | D        | Reached skill level 1 in Long Blades
   587 | D        | Reached XP level 11. HP: 123/123 MP: 3/10
   595 | D        | Noticed a catoblepas
   621 | D        | Killed a catoblepas
   696 | D        | Noticed Sonja
   698 | D        | Killed Sonja
   698 | D        | Received a gift from Trog
   699 | D        | Reached skill level 5 in Long Blades
   801 | D        | Received a gift from Trog
   851 | D        | Noticed an orc knight
   854 | D        | Killed an orc knight
   855 | D        | Received a gift from Trog
   858 | D        | Noticed an orc high priest
   873 | D        | Received a gift from Trog
   879 | D        | HP: 5/123 [red devil/+0 demon trident of flaming[an orc
                  | high priest] (3)]
   880 | D        | Killed from afar by an orc priest

Illustrated notes

Levels and vault maps discovered:
D:        linesprint [early_d, line_temple, items_1, d_10, items_2, lair_1,
          lair_end, items_3, orc_1, orc_end, items_4, d_15, swamp_1, shoals_1,
          snake_1, spider_1, d_20, vaults_1, items_5, swamp_end, shoals_end,
          snake_end, spider_end, vaults_end, d_27, items_6, zot_1, zot_end,
          crypt_end, forest_end, elf_end, slime_end, tomb_end, abyss_end,
          pan_hell_end]

Skill      XL: |  1  2  3  4  5  6  7  8  9 10 11 |
---------------+----------------------------------+-----
Fighting       | 3 4 5 6 7 8 9 10 11 12 | 12.0
Dodging        | 3 4 5 6 7 8 9 10 11 | 11.2
Unarmed Combat | 4 5 7 9 10 12 14 16 | 16.7
Maces & Flails | 8 |  8.3
Armour         | 3 4 |  4.7
Stealth        | 1 2 |  2.3
Long Blades    | 1 6 |  6.5
Evocations     | |  0.3

Action                     |  1- 3 |  4- 6 |  7- 9 | 10-12 || total
---------------------------+-------+-------+-------+-------++-------
  Melee: Unarmed           |    24 |    17 |    27 |       ||    68
         Punch             |       |     2 |     3 |       ||     5
         Dire flail        |       |       |     7 |    66 ||    73
         Triple sword      |       |       |       |    90 ||    90
         Giant club        |       |       |       |    11 ||    11
 Invoke: Berserk           |     2 |     1 |     2 |     5 ||    10
         Trog's Hand       |       |       |       |     2 ||     2
         Brothers in Arms  |       |       |       |     2 ||     2
  Evoke: Wand              |       |       |       |     2 ||     2
    Use: Potion            |       |     1 |       |     1 ||     2
   Stab: Petrified         |       |       |       |     9 ||     9
 Armour: Animal skin       |     5 |     2 |     6 |       ||    13
         Shadow dragon sca |       |       |     4 |   128 ||   132
  Dodge: Dodged            |     8 |     4 |    14 |    73 ||    99

Table legend: (Time is in decaauts)
 A = Elapsed time spent in this place.
 B = Non-inter-level travel time spent in this place.
 C = Inter-level travel time spent in this place.
 D = Time resting spent in this place.
 E = Time spent auto-exploring this place.
 F = Levels seen in this place.
 G = Mean time per level.
                   A        B        C        D        E       F      G
               +--------+--------+--------+--------+--------+-----+--------+
         Total |   1004 |   1004 |      0 |     51 |     54 |   1 | 1004.0 |
       Dungeon |   1004 |   1004 |      0 |     51 |     54 |   1 | 1004.0 |
               +--------+--------+--------+--------+--------+-----+--------+

Top non-repeatable levels by time:
       D: 1004 daAuts
